 Dungeon Crawl Stone Soup version 0.19.0-2-gae57169 (webtiles) character file.

97 Patchouli the Magician (level 4, -5/24 HPs)
             Began as a Deep Elf Ice Elementalist on Nov 4, 2016.
             Slain by a crocodile (14 damage)
             ... in a sewer.
             The game lasted 00:06:36 (1098 turns).

Patchouli the Magician (Deep Elf Ice Elementalist)  Turns: 1098, Time: 00:06:36

Health: -5/24      AC:  8    Str:  5    XL:     4   Next: 42%
Magic:  8/12       EV: 13    Int: 21    God:
Gold:   75         SH:  0    Dex: 15    Spells: 3 memorised, 6 levels left

rFire  . . .     SeeInvis .     m - +0 spear
rCold  . . .     Gourm    .     a - +0 robe
rNeg   . . .     Faith    .     (no shield)
rPois  .         Spirit   .     (no helmet)
rElec  .         Reflect  .     (no cloak)
rCorr  .         Harm     .     (no gloves)
MR     .....                    (no boots)
Stlth  ++........               (no amulet)
                                (no ring)
                                (no ring)

@: icy armour, slow
A: no striking features
a: no special abilities


You were in a sewer.
You were not hungry.

You visited 1 branch of the dungeon, and saw 6 of its levels.
You also visited: Sewer.

You collected 75 gold pieces.

Inventory:

Hand Weapons
 d - a +0 dagger
 m - a +0 spear (weapon)
Armour
 a - a +0 robe (worn)
Wands
 j - a wand of flame (21/48)
Scrolls
 e - 2 scrolls of identify {unknown}
 g - a scroll of fear {unknown}
 p - a scroll of remove curse {unknown}
Potions
 f - a potion of curing {unknown}
 h - a potion of beneficial mutation {unknown}
 k - a potion of mutation {unknown}
 n - a potion of might {unknown}
 o - a potion of degeneration {unknown}
 q - a potion of berserk rage {unknown}
Books
 b - a book of Frost

   Spells                             Type                      Level
   a - Freeze                         Ice                          1
   b - Throw Frost                    Conjuration/Ice              2
   c - Ozocubu's Armour               Charms/Ice                   3
   d - Throw Icicle                   Conjuration/Ice              4
   e - Summon Ice Beast               Ice/Summoning                4
Comestibles
 c - 4 bread rations
 i - a chunk of flesh
 l - 2 meat rations


   Skills:
 + Level 2.8 Dodging
 - Level 2.4 Stealth
 * Level 4.6 Spellcasting
 + Level 2.3 Conjurations
 + Level 4.1 Ice Magic


You had 6 spell levels left.
You knew the following spells:

 Your Spells              Type           Power        Failure   Level  Hunger
a - Freeze                Ice            ###.         1%          1    None
b - Throw Frost           Conj/Ice       ###...       6%          2    #......
q - Ozocubu's Armour      Chrm/Ice       ##......     17%         3    ##.....


Dungeon Overview and Level Annotations

Branches:
Dungeon (6/15)
 Temple: D:4-7

Altars:


Message History

You reach to attack!
You hit the crocodile but do no damage.
Casting: Throw Frost
Confirm with . or Enter, or press ? or * to list all spells.
Aiming: Freeze
Press: ? - help, Shift-Dir - straight line, f/p - crocodile
Aim: a crocodile You freeze the crocodile.
The crocodile seems to slow down.
The crocodile is moderately wounded.
The crocodile bites you!
Ouch! That really hurt!
Casting: Freeze
Confirm with . or Enter, or press ? or * to list all spells.
Aiming: Freeze
Press: ? - help, Shift-Dir - straight line, f/p - crocodile
Aim: a crocodile (moderately wounded, slow)
You freeze the crocodile.
The crocodile seems to slow down.
The crocodile is severely wounded.
The crocodile bites you!
Ouch! That really hurt!
You die...

##...## ##.## #.# #.#
#.# #.# . #.# ...
###########.####.....
#..∩.........@t......
################.....
... .


You could see a crocodile.

Vanquished Creatures
  A worker ant (D:4)
  3 adders
  A worm (D:2)
  A dart slug (D:2)
  5 leopard geckos
  An orc (D:3)
  5 giant cockroaches
  3 goblins
  2 hobgoblins (D:2)
  A jackal (D:6)
  A kobold (D:1)
  A quokka (D:4)
  7 bats
  A frilled lizard (D:3)
  A rat (D:1)
34 creatures vanquished.

Notes
Turn   | Place    | Note
-------+----------+-------------------------------------------
     0 | D:1      | Patchouli the Deep Elf Ice Elementalist began the quest for the Orb.
     0 | D:1      | Reached XP level 1. HP: 10/10 MP: 6/6
   227 | D:2      | Reached XP level 2. HP: 14/15 MP: 8/8
   231 | D:2      | Learned a level 2 spell: Throw Frost
   512 | D:3      | Reached XP level 3. HP: 19/19 MP: 8/10
   691 | D:5      | Entered Level 5 of the Dungeon
   761 | D:4      | Learned a level 3 spell: Ozocubu's Armour
   769 | D:4      | Reached XP level 4. HP: 13/24 MP: 0/12
   912 | D:6      | Found a glowing drain.
  1005 | Sewer    | Entered a sewer
  1064 | Sewer    | Noticed a crocodile
  1098 | Sewer    | Slain by a crocodile

Skill      XL: |  1  2  3 |
---------------+----------+-----
Spellcasting   | 4 |  4.6
Conjurations   | 2 |  2.3
Ice Magic      | 4 |  4.1
Dodging        | |  2.8
Stealth        | |  2.4

Action                   |  1- 3 |  4- 6 || total
-------------------------+-------+-------++-------
Melee: Dagger            |     6 |       ||     6
       Spear             |     1 |     5 ||     6
 Cast: Freeze            |    27 |    16 ||    43
       Throw Frost       |     8 |     5 ||    13
       Ozocubu's Armour  |     1 |     1 ||     2
Evoke: Wand              |       |     2 ||     2
 Stab: Sleeping          |     4 |       ||     4
  Eat: Chunk             |       |     1 ||     1
Armor: Robe              |     4 |       ||     4
Dodge: Dodged            |    14 |    10 ||    24
